 Dungeon Crawl Stone Soup version 0.19.4-9-g45fd643 (webtiles) character file.

289 empire the Cudgeler (level 6, 0/44 HPs)
             Began as a Demonspawn Gladiator on Feb 17, 2017.
             Succumbed to an adder's poison
             ... on level 3 of the Dungeon.
             The game lasted 00:11:43 (4034 turns).

empire the Cudgeler (Demonspawn Gladiator)          Turns: 4034, Time: 00:11:44

Health: 0/44       AC:  6    Str: 15    XL:     6   Next: 9%
Magic:  6/6        EV: 12    Int:  9    God:
Gold:   122        SH:  0    Dex: 16    Spells: 0 memorised, 5 levels left

rFire  . . .     SeeInvis .     a - +0 flail
rCold  + . .     Gourm    .     m - +0 ring mail
rNeg   . . .     Faith    .     (no shield)
rPois  .         Spirit   .     c - +0 helmet
rElec  .         Reflect  .     (no cloak)
rCorr  .         Harm     .     (no gloves)
MR     .....                    (no boots)
Stlth  +.........               (no amulet)
                                (no ring)
                                v - ring of protection from cold

@: lethally poisoned (0 -> -4)
A: powered by death 2
a: no special abilities


You were on level 3 of the Dungeon.
You were not hungry.

You visited 1 branch of the dungeon, and saw 4 of its levels.

You collected 122 gold pieces.

Inventory:

Hand Weapons
 a - a +0 flail (weapon)
Missiles
 d - 3 throwing nets (quivered)
 l - 2 javelins
 t - 2 tomahawks
Armour
 b - a +0 scale mail
 c - a +0 helmet (worn)
 m - a +0 ring mail (worn)
Jewellery
 v - a ring of protection from cold (left hand)
 B - a +3 ring of strength {unknown}
Wands
 e - a wand of random effects (25/48)
 x - a wand of paralysis (3/24)
Scrolls
 h - a scroll of fog {unknown}
 i - a scroll of amnesia {unknown}
 j - 4 scrolls of identify {unknown}
 k - 3 scrolls of remove curse {unknown}
 o - 5 scrolls of teleportation {unknown}
 r - 2 scrolls of random uselessness {unknown}
 s - 2 scrolls of recharging {unknown}
 u - 2 scrolls of fear {unknown}
 y - a scroll of magic mapping {unknown}
 C - a scroll of immolation {unknown}
Potions
 p - a potion of brilliance
Books
 q - a book of Changes

   Spells                             Type                      Level
   a - Beastly Appendage              Transmutation                1
   b - Sticks to Snakes               Transmutation                2
   c - Spider Form                    Transmutation/Poison         3
   d - Ice Form                       Ice/Transmutation            4
   e - Blade Hands                    Transmutation                5
Comestibles
 f - a bread ration
 g - 14 fruits
 n - 2 beef jerkies
 w - a royal jelly
 z - a chunk of flesh
 A - a slice of pizza


   Skills:
 - Level 2.0 Fighting
 + Level 5.0 Maces & Flails
 + Level 2.9 Throwing
 + Level 2.0 Armour
 - Level 3.1 Dodging


You had 5 spell levels left.
You didn't know any spells.

Dungeon Overview and Level Annotations

Branches:
Dungeon (4/15)
 Temple: D:4-7

Altars:
Dithmenos
Gozag
Hepliaklqana
Okawaru
Ru
Uskayaw
The Shining One

Annotations:
D:4 Dowan, Duvessa


Innate Abilities, Weirdness & Mutations

You regenerate health from kills.


Message History

Okay, then.
Evoke which item? (* to show all) (? for menu, Esc to quit)
Zapping:
x - a wand of paralysis {zapped: 3} (will waste charges)
Press: ? - help, Shift-Dir - straight line, f - adder
Aim: an adder (moderately wounded, chance to defeat MR: 54%)
The adder resists with significant effort.
Evoking this partially-identified wand wasted a few charges.
The goblin shouts!
The adder bites you.
* * * LOW HITPOINT WARNING * * *
You barely miss the adder.
The adder is moderately wounded.
* * * LOW HITPOINT WARNING * * *
You feel sick.
The adder bites you but does no damage. x2
You closely miss the adder.
The adder is moderately wounded.
The adder barely misses you.
You miss the adder.
The adder is moderately wounded.
You die...

.......#.#.....## #########..
..._.....#####.########..........
.......#...#.....#......#...##...
.......#.#.#.....###........##...
#.....##...<.....# ######......##
###.####...#....g# #...#..##
...........#.....###### #####))..
........##.......S....#######.รท..
.##.###.......#.@.###.........##.
.............<....#####.#.###.#..
.##.##...............##..........
..#.##...........................
#...##.............#...#.........
#..###.........(......##.........
#..# #.............#..##.........
#.># #................##.........
#..# #.............###.........##


You could see an adder and a goblin.

Vanquished Creatures
  A hound (D:4)
  Jessica (D:2)
  Ijyb (D:2)
  2 worker ants (D:4)
  Robin (D:3)
  4 adders
  5 worms
  3 leopard geckos
  7 orcs
  4 ball pythons
  3 bats
  5 giant cockroaches
  17 goblins
  8 hobgoblins
  4 jackals (D:2)
  7 kobolds
  5 quokkas
  7 frilled lizards
  4 rats
89 creatures vanquished.

Notes
Turn   | Place    | Note
-------+----------+-------------------------------------------
     0 | D:1      | empire the Demonspawn Gladiator began the quest for the Orb.
     0 | D:1      | Reached XP level 1. HP: 16/16 MP: 1/1
   148 | D:1      | Reached skill level 3 in Maces & Flails
   434 | D:1      | Gained mutation: You regenerate a little health from kills. [demonic ancestry]
   434 | D:1      | Reached XP level 2. HP: 22/22 MP: 2/2
  1044 | D:2      | Gained mutation: You regenerate health from kills. [demonic ancestry]
  1044 | D:2      | Reached XP level 3. HP: 24/27 MP: 3/3
  1198 | D:2      | Reached skill level 4 in Maces & Flails
  1390 | D:2      | Found a glowing golden altar of the Shining One.
  1409 | D:2      | Noticed Jessica
  1428 | D:2      | Killed Jessica
  1428 | D:2      | Reached XP level 4. HP: 24/33 MP: 4/4
  1483 | D:2      | HP: 1/33 [worm (8)]
  1924 | D:2      | Noticed Ijyb
  1939 | D:2      | Killed Ijyb
  1939 | D:2      | Reached skill level 1 in Armour
  2439 | D:3      | Found an opulent altar of Gozag.
  2528 | D:3      | Reached XP level 5. HP: 34/38 MP: 5/5
  2913 | D:3      | Found a hazy altar of Hepliaklqana.
  3426 | D:3      | Found an iron altar of Okawaru.
  3439 | D:3      | Found a sacrificial altar of Ru.
  3576 | D:3      | Found a hide-covered altar of Uskayaw.
  3576 | D:3      | Found a shadowy altar of Dithmenos.
  3576 | D:3      | Noticed Robin
  3600 | D:3      | Killed Robin
  3602 | D:3      | HP: 1/38 [goblin/dagger[Robin] (8)]
  3709 | D:3      | Found a faded altar of an unknown god.
  3714 | D:3      | Found a faded altar of an unknown god.
  3716 | D:3      | Found a faded altar of an unknown god.
  3814 | D:4      | Reached skill level 5 in Maces & Flails
  3814 | D:4      | Reached XP level 6. HP: 16/44 MP: 6/6
  4005 | D:4      | Noticed Duvessa
  4006 | D:4      | Noticed Dowan
  4031 | D:3      | HP: 2/44 [adder (1)]
  4034 | D:3      | Succumbed to an adder's poison

Skill      XL: |  1  2  3  4  5 |
---------------+----------------+-----
Maces & Flails | 3 4 5 |  5.0
Throwing       | 2 |  2.9
Armour         | 1 2 |  2.0
Dodging        | 3 |  3.1
Fighting       | |  2.0

Action                   |  1- 3 |  4- 6 || total
-------------------------+-------+-------++-------
Melee: Flail             |   146 |   274 ||   420
Evoke: Wand              |       |     2 ||     2
  Use: Potion            |     3 |     1 ||     4
  Eat: Chunk             |     2 |     9 ||    11
Armor: Leather armour    |     6 |       ||     6
       Ring mail         |    74 |   143 ||   217
Dodge: Dodged            |   132 |   272 ||   404
